 Dungeon Crawl Stone Soup version 0.30-a0-358-g0d69a1922f (webtiles) character file.

Game seed: 10412188793664642343

656 mopl the Covert (level 7, -4/73 HPs)
             Began as an Octopode Delver on Nov 9, 2022.
             Slain by a steam dragon (5 damage)
             ... on level 5 of the Dungeon.
             The game lasted 00:05:03 (4018 turns).

mopl the Covert (Octopode Delver)                   Turns: 4018, Time: 00:05:04

Health: -4/73      AC:  1    Str: 11    XL:     7   Next: 55%
Magic:  0/11       EV: 14    Int: 14    God:
Gold:   327        SH:  0    Dex: 14    Spells: 9/11 levels left

rFire   . . .      SeeInvis .    a - +0 falchion
rCold   . . .      Faith    .    (no shield)
rNeg    . . .      Spirit   +    r - +0 hat
rPois   .          Reflect  .    p - amulet of guardian spirit
rElec   .          Harm     .    (no ring)
rCorr   .          Rampage  .    (no ring)
Will    .....                    (no ring)
Stlth   ..........               (no ring)
HPRegen 0.32/turn                (no ring)
MPRegen 0.12/turn                (no ring)
                                 (no ring)
                                 (no ring)

@: berserking, very quick
A: almost no armour, amphibious, 8 rings, camouflage 1, gelatinous body 1,
(nimble swimmer 1), tentacles
a: no special abilities


You were on level 5 of the Dungeon.
You visited 1 branch of the dungeon, and saw 6 of its levels.

You collected 327 gold pieces.

Inventory:

Hand Weapons
 a - a +0 falchion (weapon)
Missiles
 l - 3 javelins
 u - 5 poisoned darts (quivered)
Armour
 r - a +0 hat (worn)
Jewellery
 m - an amulet of faith {!P}
 p - an amulet of guardian spirit (around mantle)
Wands
 f - a wand of digging (3)
Scrolls
 b - 4 scrolls of fog
 c - 2 scrolls of magic mapping
 d - a scroll of fear
 g - a scroll of noise {unknown}
 h - a scroll of silence {unknown}
 i - 2 scrolls of enchant armour {unknown}
 k - 3 scrolls of teleportation {unknown}
 t - 2 scrolls of amnesia {unknown}
 w - a scroll of vulnerability {unknown}
 x - a scroll of immolation {unknown}
Potions
 e - 3 potions of haste
 j - 2 potions of berserk rage {!q}
 n - a potion of flight
 o - 3 potions of mutation {!q}
 q - 2 potions of curing
 s - a potion of ambrosia
 v - 3 potions of magic
 z - 2 potions of degeneration {unknown}
 A - a potion of resistance {unknown}
 B - a potion of might {unknown}


   Skills:
 + Level 4.4 Fighting
 - Level 2.0 Long Blades
 + Level 3.7 Dodging
 + Level 8.2 Stealth
 + Level 2.7 Spellcasting
 + Level 2.3 Translocations
 + Level 3.4 Evocations


You had 9 spell levels left.
You knew the following spells:

 Your Spells              Type           Power      Damage    Failure   Level
b - Blink                 Tloc           16%        N/A       13%         2

Your spell library contained the following spells:

 Spells                   Type           Power      Damage    Failure   Level
 Manifold Assault         Tloc           8%         N/A       63%         4
 Storm Form               Tmut/Air       0%         N/A       100%        7


Dungeon Overview and Level Annotations

Branches:
Dungeon (6/15)
 Temple: D:4-7

Altars:
Fedhas
Kikubaaqudgha
Trog

Annotations:
D:4 Grinder


Innate Abilities, Weirdness & Mutations

You cannot wear most types of armour.
You are amphibious.
You can wear up to eight rings at the same time.
Your skin changes colour to match your surroundings (Stealth+).
Your rubbery body absorbs attacks. (AC +1, EV +1)
((You are camouflaged when in or above water. (Stealth+)))
You have tentacles for arms and can constrict up to eight enemies at once.


Message History

Unknown command.
You barely miss the adder.
The orc shouts!
Your grab misses the adder. Your squeeze misses the adder.
The adder is severely wounded.
You feel sick. The adder closely misses you.
You closely miss the adder. Your grab misses the adder.
The adder is severely wounded.
The adder closely misses you.
You slash the adder!
You kill the adder!
You feel sick. The steam dragon breathes steam at you.
The ball of steam misses you.
You are engulfed in a cloud of scalding steam.
You feel sick. The steam dragon barely misses you. x2
The orc wizard misses you.
Unknown command.
You slash the steam dragon! Your squeeze misses the steam dragon.
The steam dragon is moderately wounded.
You are engulfed in a cloud of scalding steam.
* * * LOW HITPOINT WARNING * * *
You feel sick.
You are no longer poisoned.
The orc wizard misses you. The steam dragon bites you!
* * * LOW HITPOINT WARNING * * *
The steam dragon misses you.
You barely miss the steam dragon. Your squeeze misses the steam dragon.
The steam dragon is moderately wounded.
You are engulfed in a cloud of scalding steam.
* * * LOW HITPOINT WARNING * * *
Unknown command.
You slash the steam dragon! Your squeeze misses the steam dragon.
The steam dragon is almost dead.
You are engulfed in a cloud of scalding steam.
* * * LOW HITPOINT WARNING * * *
The steam dragon bites you.
* * * LOW HITPOINT WARNING * * *
The steam dragon claws you.
You die...

#........ #.
###.....(.# #..##
#.........# #....
.........# .. #.
.##o.##..# #.#
...#..#..# ##..# # .##
#....## ##..# #
##.##ยง##..###...#####
S.#o@###..##.........
##..D###.......>...##
.................## #
##...#......###..###
###...##.### ##...####
#..###.# ##.....# .##
#.# ##.##.. . ###
##.### #...#


You could see a steam dragon (catching breath) and an orc wizard.

Vanquished Creatures
  2 ogres
  2 necrophages (D:5)
  2 scorpions
  A howler monkey (D:4)
  An iguana (D:5)
  8 adders
  A shadow imp (D:5)
  6 worms
  A dart slug (D:1)
  8 orcs
  4 bats
  3 endoplasms
  4 giant cockroaches
  7 goblins
  6 hobgoblins
  9 jackals
  4 quokkas
  8 ball pythons
  3 frilled lizards
  7 kobolds
  4 rats
91 creatures vanquished.

Vanquished Creatures (others)
  An orc (D:5)
  2 plants (D:5)
  8 withered plants (D:4)
11 creatures vanquished.

Grand Total: 102 creatures vanquished

Notes
Turn   | Place    | Note
-------+----------+-------------------------------------------
     0 | D:5      | mopl the Octopode Delver began the quest for the Orb.
     0 | D:5      | Reached XP level 1. HP: 16/16 MP: 1/1
     4 | D:6      | Noticed a phantom
     4 | D:6      | Noticed a necrophage
    29 | D:5      | Reached XP level 2. HP: 13/21 MP: 2/2
   182 | D:4      | Noticed a howler monkey
   231 | D:3      | Reached skill level 1 in Evocations
   235 | D:3      | Reached XP level 3. HP: 14/26 MP: 4/4
   385 | D:3      | Reached skill level 1 in Spellcasting
   412 | D:3      | Noticed a scorpion
   436 | D:3      | Killed a scorpion
   437 | D:3      | Reached skill level 7 in Stealth
   437 | D:3      | Reached XP level 4. HP: 26/31 MP: 4/6
   448 | D:3      | Learned a level 2 spell: Blink
   503 | D:1      | Found a faded altar of an unknown god.
   633 | D:1      | Reached XP level 5. HP: 36/36 MP: 7/7
  1114 | D:2      | Reached skill level 2 in Evocations
  1928 | D:3      | Reached skill level 1 in Translocations
  2072 | D:3      | Reached skill level 3 in Dodging
  2452 | D:4      | Reached skill level 2 in Spellcasting
  2452 | D:4      | Reached XP level 6. HP: 43/43 MP: 7/9
  2477 | D:4      | Found a bloodstained altar of Trog.
  2657 | D:4      | Found a blossoming altar of Fedhas.
  2658 | D:4      | Found an ancient bone altar of Kikubaaqudgha.
  2770 | D:4      | Reached skill level 4 in Fighting
  2775 | D:4      | Noticed Grinder
  3175 | D:5      | HP: 1/43 [ogre/+0 giant club (28)]
  3179 | D:5      | Reached skill level 3 in Evocations
  3179 | D:5      | Reached XP level 7. HP: 2/48 MP: 0/10
  3536 | D:5      | Reached skill level 8 in Stealth
  3536 | D:5      | Reached skill level 2 in Translocations
  3750 | D:5      | Noticed a steam dragon
  4018 | D:5      | HP: 1/73 [steam dragon (3)]
  4018 | D:5      | Slain by a steam dragon

Illustrated notes

Levels and vault maps discovered:
D:1:      wander_arrival_lonely_grave, layout_basic, basic_ecumenical_altar,
          nrook_mini_vaults, hex_intersection
D:2:      layout_loops_corners, serial_park_tiny_1
D:3:      layout_loops_ring
D:4:      layout_basic, grunt_temple_overflow_growth_and_decay,
          nicolae_vehumet_altar_sigil, tgw_xom, mainiacjoe_overflow_catwalk,
          uniq_grinder
D:5:      layout_layer_cave, mainiacjoe_overflow_chevrons,
          minmay_temple_entry_glassed_door, nicolae_sextant,
          kennysheep_nondescript, serial_bayou_ford_a, minmay_manual_mess
D:6:      layout_gridville, worldfamousw_hep_ancestral_shrine, serial_undead,
          serial_undead_a, serial_undead_f, serial_undead_a, serial_undead_a,
          kennysheep_cross_room

Skill      XL: |  1  2  3  4  5  6  7 |
---------------+----------------------+-----
Evocations     | 1 2 3 |  3.4
Spellcasting   | 1 2 |  2.7
Stealth        | 7 8 |  8.2
Translocations | 1 2 |  2.3
Dodging        | 3 |  3.7
Fighting       | 4 |  4.4
Long Blades    | |  2.0

Action                   |  1- 3 |  4- 6 |  7- 9 || total
-------------------------+-------+-------+-------++-------
Melee: Falchion          |    40 |   134 |    30 ||   204
       Constrict         |    12 |    34 |     6 ||    52
       Tentacles         |     4 |    29 |    11 ||    44
       Punch             |     1 |     3 |       ||     4
Throw: Dart              |       |     6 |       ||     6
  Use: Scroll            |       |     5 |     1 ||     6
       Potion            |       |       |     1 ||     1
 Stab: Sleeping          |     8 |    22 |     2 ||    32
Armor: Skin              |       |     5 |     3 ||     8
Dodge: Dodged            |    21 |   109 |    29 ||   159

Table legend: (Time is in decaauts)
 A = Elapsed time spent in this place.
 B = Non-inter-level travel time spent in this place.
 C = Inter-level travel time spent in this place.
 D = Time resting spent in this place.
 E = Time spent auto-exploring this place.
 F = Levels seen in this place.
 G = Mean time per level.
                   A        B        C        D        E       F      G
               +--------+--------+--------+--------+--------+-----+--------+
         Total |   4056 |   3948 |    108 |    728 |   2425 |   6 |  676.0 |
       Dungeon |   4056 |   3948 |    108 |    728 |   2425 |   6 |  676.0 |
               +--------+--------+--------+--------+--------+-----+--------+

Top non-repeatable levels by time:
     D:5: 975 daAuts
     D:2: 897 daAuts
     D:3: 823 daAuts
     D:4: 818 daAuts
     D:1: 535 daAuts
     D:6: 5 daAuts
